 Dungeon Crawl Stone Soup version 0.31-a0-271-gb88eb75e06 (webtiles) character file.

Game seed: 11380271123508007343

71 qw the Shooter (level 4, -2/36 HPs)
             Began as a Minotaur Hexslinger on July 14, 2023.
             Slain by a gnoll
             ... wielding a +0 flail
              (7 damage)
             ... on level 2 of the Dungeon.
             The game lasted 00:00:26 (1191 turns).

qw the Shooter (Minotaur Hexslinger)                Turns: 1191, Time: 00:00:27

Health: -2/36      AC:  2    Str: 12    XL:     4   Next: 5%
Magic:  4/4        EV: 12    Int: 10    God:
Gold:   122        SH:  0    Dex: 15    Spells: 4/5 levels left

rFire   . . .        Y - +1 sling
rCold   . . .        (no shield)
rNeg    . . .        c - +0 robe
rPois   .            (helmet restricted)
rElec   .            (no cloak)
rCorr   .            (no gloves)
SInv    .            (no boots)
Will    .....        (no amulet)
Stlth   +            (no ring)
HPRegen 0.26/turn    (no ring)
MPRegen 0.09/turn

%: no passive effects
@: no status effects
A: horns 2, retaliatory headbutt
a: no special abilities


You were on level 2 of the Dungeon.
You visited 1 branch of the dungeon, and saw 2 of its levels.

You collected 122 gold pieces.


Innate Abilities, Weirdness & Mutations

You have a pair of horns on your head.
You reflexively headbutt those who attack you in melee.


   Skills:
 - Level 2.0 Fighting
 + Level 4.5 Ranged Weapons
 - Level 2.1 Dodging
 - Level 1.0 Spellcasting
 - Level 2.0 Hexes


You had 4 spell levels left.
You knew the following spells:

 Your Spells              Type           Power      Damage    Failure   Level
a - Slow                  Hex            16%        N/A       16%         1

Your spell library contained the following spells:

 Spells                   Type           Power      Damage    Failure   Level
 Inner Flame              Hex/Fire       2%         N/A       56%         3
 Portal Projectile        Hex/Tloc       4%         N/A       56%         3
 Cause Fear               Hex            2%         N/A       83%         4

Inventory:

Hand Weapons
 Y - a +1 sling (weapon)
Armour
 a - a +0 leather armour
 c - a +0 robe (worn)
Potions
 b - a potion of magic {unknown}
 d - a potion of brilliance {unknown}
 e - 3 potions of curing
 f - a potion of lignification {unknown}

Dungeon Overview and Level Annotations

Branches:
Dungeon (2/15)

Altars:

Shops:
D:1 ?


Message History

You shoot a sling bullet. The sling bullet hits the gnoll!
The gnoll is heavily wounded.
The gnoll barely misses you.
You shoot a sling bullet. The sling bullet hits the gnoll.
The gnoll is severely wounded.
The gnoll barely misses you.
You shoot a sling bullet.
The sling bullet closely misses the gnoll.
The gnoll barely misses you.
You shoot a sling bullet. The sling bullet hits the gnoll!
You kill the gnoll!
A gnoll comes into view. It is wielding a +0 flail.
You shoot a sling bullet.
The sling bullet closely misses the gnoll.
A gnoll comes into view. It is wielding a +0 flail.
The gnoll hits you with a +0 flail.
You shoot a sling bullet.
The sling bullet barely misses the gnoll.
The gnoll shouts!
The gnoll barely misses you.
You shoot a sling bullet.
The sling bullet barely misses the gnoll.
The sling bullet hits the gnoll.
The gnoll is lightly wounded.
The gnoll completely misses you. You furiously retaliate!
You headbutt the gnoll! You shoot a sling bullet.
The sling bullet hits the gnoll!
You kill the gnoll!
You have reached level 4!
You feel agile.
You shoot a sling bullet. The sling bullet hits the gnoll.
The gnoll is moderately wounded.
The gnoll hits you with a +0 flail!
You shoot a sling bullet.
The sling bullet hits the gnoll but does no damage.
The gnoll is moderately wounded.
The gnoll hits you with a +0 flail. The gnoll barely misses you.
You shoot a sling bullet. The sling bullet hits the gnoll.
The gnoll is moderately wounded.
The gnoll hits you with a +0 flail!
You die...

##.# ### #.# #..
##.## #.#
####...#######.#
............##.#####
####...####........#
##.## ####.###.# #.#
#.###.#.# #.#
#..@g...# #+#
#####)### .# g. ..#
..# ... #.#


You could see a gnoll.

Vanquished Creatures
  3 gnolls (D:2)
  3 dart slugs (D:1)
  4 ball pythons
  3 bats
  6 endoplasms
  A goblin (D:1)
  3 hobgoblins (D:1)
  2 jackals (D:1)
  A kobold (D:1)
  A quokka (D:1)
  3 frilled lizards (D:1)
  4 rats
34 creatures vanquished.

Notes
Turn   | Place    | Note
-------+----------+-------------------------------------------
     0 | D:1      | qw the Minotaur Hexslinger began the quest for the Orb.
     0 | D:1      | Reached XP level 1. HP: 16/16 MP: 1/1
     0 | D:1      | 0 ||| qw: Version: 0.3-a-52-g30416fa
     0 | D:1      | 0 ||| qw: Game counter: 7961
     0 | D:1      | 0 ||| qw: Melee chars always use a shield: true
     0 | D:1      | 0 ||| qw: God list: Okawaru
     0 | D:1      | 0 ||| qw: Allow faded altars: false
     0 | D:1      | 0 ||| qw: Do Orc after clearing Dungeon:15 true
     0 | D:1      | 0 ||| qw: Do second Lair branch before Depths: true
     0 | D:1      | 0 ||| qw: Lair rune preference: random
     0 | D:1      | 0 ||| qw: Goals: Normal
     0 | D:1      | 0 ||| PLANNING D:1-11
    72 | D:1      | Reached skill level 3 in Ranged Weapons
    72 | D:1      | Reached XP level 2. HP: 23/23 MP: 2/2
   486 | D:1      | Found Hiusmat's Magic Scroll Shoppe.
   496 | D:1      | 496 ||| SHOPLISTING 2 scrolls of identify (56 gold, have
                  | 20).
   496 | D:1      | 496 ||| SHOPLISTING scroll of identify (28 gold, have 20).
   564 | D:1      | Reached XP level 3. HP: 28/29 MP: 3/3
   611 | D:1      | 611 ||| READING scroll labelled USATOU PYUNTYN.
   612 | D:1      | 612 ||| READING scroll labelled XAUPHIUMEN.
   713 | D:1      | 713 ||| READING scroll labelled JUUP TAIST.
   714 | D:1      | 714 ||| DRINKING 3 purple potions.
   715 | D:1      | 715 ||| DROPPING scroll of poison.
   783 | D:2      | Found a faded altar of an unknown god.
  1171 | D:2      | 1171 ||| Stepping ~*~*~tactically~*~*~ (outnumbered).
  1180 | D:2      | Reached skill level 4 in Ranged Weapons
  1189 | D:2      | Reached XP level 4. HP: 16/36 MP: 4/4
  1189 | D:2      | HP: 6/36 [gnoll/+0 flail (10)]
  1191 | D:2      | Slain by a gnoll

Levels and vault maps discovered:
D:1:      evilmike_arrival_home_sweet_home, layout_basic, serial_shops, shop,
          minmay_box_of_dots
D:2:      layout_loops_corners, basic_altar, nicolae_ecumenical_oubliette,
          minmay_cut_off

Skill      XL: |  1  2  3 |
---------------+----------+-----
Ranged Weapons | 3 4 |  4.5
Fighting       | 2 |  2.0
Dodging        | |  2.1
Spellcasting   | |  1.0
Hexes          | |  2.0

Action                     |  1- 3 |  4- 6 || total
---------------------------+-------+-------++-------
   Fire: Sling             |   105 |     3 ||   108
    Use: Scroll            |     3 |       ||     3
         Potion            |     1 |       ||     1
 Armour: Robe              |    12 |       ||    12
  Dodge: Dodged            |    38 |     1 ||    39

Table legend:
 A = Non-vault XP
 B = Vault XP
 C = Vault XP percentage of total XP
 D = Non-vault monster count
 E = Vault monster count
 F = Vault count percentage of total count
                 A         B        C        D         E       F
            +---------+---------+-------+---------+---------+-------
      Total |      91 |      11 |  10.8 |      29 |       5 |  14.7
            +---------+---------+-------+---------+---------+-------
        D:1 |      41 |       6 |  12.8 |      21 |       2 |   8.7
        D:2 |      50 |       5 |   9.1 |       8 |       3 |  27.3
            +---------+---------+-------+---------+---------+-------
